 Dungeon Crawl Stone Soup version 0.28-a0-1234-g826d19b2e0 (webtiles) character file.

Game seed: 8489363259684745092

83 bearlyready the Bolt Thrower (level 4, -1/40 HPs)
             Began as a Naga Hunter on Dec 23, 2021.
             Slain by a quokka (5 damage)
             ... on level 2 of the Dungeon.
             The game lasted 00:01:56 (1527 turns).

bearlyready the Bolt Thrower (Naga Hunter)          Turns: 1527, Time: 00:01:57

Health: -1/40      AC:  2    Str: 16    XL:     4   Next: 44%
Magic:  4/4        EV:  9    Int: 12    God:
Gold:   43         SH:  0    Dex: 11    Spells: 3/3 levels left

rFire   . . .      SeeInvis +   a - +1 hand crossbow
rCold   . . .      Faith    .   (no shield)
rNeg    . . .      Spirit   .   c - +0 leather armour
rPois   +          Reflect  .   (no helmet)
rElec   .          Harm     .   (no cloak)
rCorr   .          Rampage  .   (no gloves)
Will    .....                   (no barding)
Stlth   ++........              (no amulet)
HPRegen 0.13/turn               (no ring)
MPRegen 0.09/turn               (no ring)

@: very slow
A: AC +1, large, see invisible, deformed body, poison resistance, slowness 2,
spit poison 1, naga tail 1
a: Spit Poison


You were on level 2 of the Dungeon.
You visited 1 branch of the dungeon, and saw 2 of its levels.

You collected 43 gold pieces.

Inventory:

Hand Weapons
 a - a +1 hand crossbow (weapon)
 b - a +0 short sword
Missiles
 d - 12 bolts (quivered ammo)
 f - 10 poisoned darts
Armour
 c - a +0 leather armour (worn)
Scrolls
 e - a scroll of noise {unknown}
 i - a scroll of identify {unknown}
Potions
 g - 4 potions of curing {unknown}
 h - a potion of flight {unknown}
 j - 2 potions of ambrosia {unknown}


   Skills:
 + Level 2.6 Fighting
 - Level 4.4 Crossbows
 - Level 1.5 Dodging
 + Level 3.9 Stealth


You had 3 spell levels left.
You didn't know any spells.
Your spell library contained the following spells:

 Spells                   Type           Power      Damage    Failure   Level
 Ensorcelled Hibernation  Hex/Ice        0%         N/A       52%         2
 Spider Form              Tmut/Pois      0%         N/A       77%         3


Dungeon Overview and Level Annotations

Branches:
Dungeon (2/15)

Altars:


Innate Abilities, Weirdness & Mutations

Your serpentine skin is tough. (AC +1)
You have supernaturally acute eyesight. (SInv)
Armour fits poorly on your strangely shaped body.
Your system is resistant to poisons. (rPois)
You cover ground very slowly.
You can spit poison.
You have a snake-like lower body.


Message History

You are too injured to fight recklessly!
You are too injured to fight recklessly!
The quokka misses you. The quokka bites you.
You hit the quokka.
The quokka is almost dead.
The quokka bites you.
You hit the quokka but do no damage.
The quokka is almost dead.
The quokka bites you.
You hit the quokka but do no damage.
The quokka is almost dead.
The quokka bites you. x2
You closely miss the quokka.
The quokka is almost dead.
The quokka misses you.
You hit the quokka but do no damage.
The quokka is almost dead.
The quokka bites you.
* * * LOW HITPOINT WARNING * * *
You miss the quokka.
The quokka is almost dead.
The quokka bites you.
* * * LOW HITPOINT WARNING * * *
The quokka barely misses you.
a - a +1 hand crossbow (weapon)
Fire: 14 bolts
Press: ? - help, Q - select action, (/) - cycle Shift-Dir - straight line, f - quokka
Aim: a quokka (almost dead, 54% to hit)
You shoot a bolt.
The bolt hits the quokka but does no damage.
The quokka is almost dead.
The quokka bites you but does no damage.
The quokka bites you.
* * * LOW HITPOINT WARNING * * *
Fire: 13 bolts
Press: ? - help, Q - select action, (/) - cycle Shift-Dir - straight line, f/p - quokka
Aim: a quokka (severely wounded, 54% to hit)
You shoot a bolt. The bolt barely misses the quokka.
The quokka bites you.
You die...

#.# #.# #.# #.# #.# #.#
########+ #.# #.#
#........ #.#
#.####........ #.####
#.#.##........
.....######....#...#....
................@r.....(
..##.##.........#....##.
#.##.##.#####)#.#....##.
#.##.##.# #<#.#.......
#.##.##.# #.#....#....
#.##.##.# #...#.........
#.##.##.# #.###.........
.....##.# #. #.....###.
#.#####.. . .#####


You could see a quokka.

Vanquished Creatures
  A jelly (D:2)
  A gnoll (D:1)
  A dart slug (D:1)
  5 ball pythons (D:1)
  8 bats
  6 endoplasms
  3 giant cockroaches (D:1)
  6 goblins
  A hobgoblin (D:1)
  2 jackals (D:1)
  4 kobolds (D:1)
  A frilled lizard (D:2)
  A rat (D:1)
40 creatures vanquished.

Notes
Turn   | Place    | Note
-------+----------+-------------------------------------------
     0 | D:1      | bearlyready the Naga Hunter began the quest for the Orb.
     0 | D:1      | Reached XP level 1. HP: 19/19 MP: 1/1
    88 | D:1      | Reached skill level 4 in Crossbows
    88 | D:1      | Reached XP level 2. HP: 26/26 MP: 2/2
   264 | D:1      | Reached XP level 3. HP: 32/32 MP: 3/3
  1317 | D:2      | Reached XP level 4. HP: 40/40 MP: 4/4
  1527 | D:2      | Slain by a quokka

Illustrated notes

Levels and vault maps discovered:
D:1:      psy_arrival_fountain, layout_loops_ring
D:2:      layout_loops_corners, basic_altar, skrybe_limestone_x

Skill      XL: |  1  2  3 |
---------------+----------+-----
Crossbows      | 4 |  4.4
Stealth        | 2 3 |  3.9
Fighting       | |  2.6
Dodging        | |  1.5

Action                   |  1- 3 |  4- 6 || total
-------------------------+-------+-------++-------
Melee: Short sword       |    64 |    33 ||    97
 Fire: Hand crossbow     |    42 |     2 ||    44
 Abil: Spit Poison       |     3 |     2 ||     5
 Stab: Sleeping          |     1 |       ||     1
Armor: Leather armour    |    40 |    18 ||    58
Dodge: Dodged            |    53 |    32 ||    85

Table legend: (Time is in decaauts)
 A = Elapsed time spent in this place.
 B = Non-inter-level travel time spent in this place.
 C = Inter-level travel time spent in this place.
 D = Time resting spent in this place.
 E = Time spent auto-exploring this place.
 F = Levels seen in this place.
 G = Mean time per level.
                   A        B        C        D        E       F      G
               +--------+--------+--------+--------+--------+-----+--------+
         Total |   1833 |   1793 |     40 |      0 |   1428 |   2 |  916.5 |
       Dungeon |   1833 |   1793 |     40 |      0 |   1428 |   2 |  916.5 |
               +--------+--------+--------+--------+--------+-----+--------+

Top non-repeatable levels by time:
     D:1: 1580 daAuts
     D:2: 253 daAuts
